Match 47138573
Unlisted

Match 47138573
End
Construct Section Command Post
Royal Engineer Section
Infantry Section
Infantry Section
Vickers Machine Gun Team
Infantry Section
Construct Platoon Command Post
Construct Field Infirmary
6-pounder Anti-tank Gun Team
Unlock Bishop Self-propelled Artillery
Bishop Self-propelled Artillery
6-pounder Anti-tank Gun Team
Infantry Section
6-pounder Anti-tank Gun Team
Construct Company Command Post
6-pounder Anti-tank Gun Team
Selects Indian Artillery Battlegroup
Selects Artillery Saturation
Selects Towed ML 4.2-inch Heavy Mortar
Selects Valour
Selects Gurkha Rifles Section
Selects Volunteer Infantry
Matilda II Heavy Tank
Matilda II Heavy Tank
Selects Off-map Airburst Barrage
Selects BL5.5 Artillery Emplacement
Grenade Package
Armored Vehicle Training
Strategos
STEVEBUSMILK
0
0

Comments sign in to comment!

No comments posted yet!